[Event "*** Qualifier 2: Titled Tuesday 3|2 Blitz"]
[Site "Chess.com"]
[Date "2017.04.11"]
[Round "8"]
[White "donotreadit"]
[Black "johnathan113"]
[Result "0-1"]
[WhiteElo "2516"]
[BlackElo "2448"]
[TimeControl "180+2"]
[EndTime "14:57:04 PDT"]
[Termination "johnathan113 won by resignation"]

1. d4 Nf6 2. c4 g6 3. g3 Bg7 4.
Bg2 O-O 5. Nc3 d6 6. Nf3 Nc6 7. O-O a6 8. e4 Bg4 9. Be3 Nd7 10. Ne2 b5 11. Rc1 e5 12. cxb5 Nxd4 13. Nexd4 exd4 14.
Bxd4 Bxd4 15. Qxd4 Bxf3 16. Bxf3 axb5 17. a3 Ne5 18.
Bg2 c5 19. Qd5 Nc4 20. Rc2 Qf6 21. e5 Nxe5 22. Qxa8 Rxa8 23. Bxa8 h5 24. h4 Nd3 25. b3 Qf5 26. a4 bxa4 27. bxa4 Qd7 28. Ra2 Nb4 29. Rd2 Qxa4 30. Bg2 Qd7 31. Rfd1 c4 32. Rxd6 Qc7 33. Rd8+ Kg7 34. R8d7 Qc5 35. Bd5 c3 36. Bxf7 c2 37. Bb3+ Kh6 38. Rc1 Qc3 39. Bxc2 Nxc2 40.
Rcd1 Nb4 41. Rb7 Nd3 42. Rf7 Ne5 43. Rf4 Ng4 44. Rdd4 Qc1+ 45. Kg2 Qc2 46. Rd6 Ne3+ 47. Kh2 Ng4+ 48. Kg2 Ne3+ 49. Kh2 Nf5 50. Re6 Qd3 51.
Rf6 Nd4 52. Kg2 Ne2 53. Rf3 Qd1 54. Re3 Qg1+ 55. Kf3 Nd4+ 56. Ke4 Nf5 57. Rf3 Qe1+ 58. Kf4 Qb4+ 59. Ke5 Qd4+ 60. Ke6 Qe4+ 61. Kf7 Qe7+ 0-1

[Event "*** Qualifier 2: Titled Tuesday 3|2 Blitz"]
[Site "Chess.com"]
[Date "2017.04.11"]
[Round "8"]
[White "Kacparov"]
[Black "Infernal_XaM"]
[Result "1/2-1/2"]
[WhiteElo "2619"]
[BlackElo "2739"]
[TimeControl "180+2"]
[EndTime "14:57:18 PDT"]
[Termination "Game drawn by agreement"]

1. e4 d6 2. d4 g6 3. Nc3 Bg7 4. f4 a6 5. Nf3 b5 6. Bd3 Bb7 7. O-O b4 8. Ne2 Nf6 9. e5 Nd5 10. c4 bxc3 11. bxc3 e6 12. Rb1 Qc8 13. c4 Ne7 14. Qb3 Bc6 15. Be3 Nd7 16. Nc3 Rb8 17.
Qc2 O-O 18. Rxb8 Qxb8 19. Be4 Qa8 20. Bxc6 Qxc6 21. Qd3 Nb6 22. Nd2 dxe5 23. fxe5 Rd8 24. Qe2 Nf5 25. c5 Na4 26. Nxa4 Qxa4 27. Nf3 Rb8 28. Bf2 Bh6 29. g4 Ne7 30. h3 Nd5 31. g5 Bf8 32. Bg3 Qa3 33. Rf2 Be7 34. Kh2 Nc3 35. Qd3 Rb2 36. Nd2 Nb5 37. Qxa3 Nxa3 38. Ne4 Rb4 39. Rd2 Nb5 40. Bf2 Kg7 41. h4 h6 42. Kg2 hxg5 43. hxg5 Kf8 44. Kf3 Ke8 45. Be3 Kd7 46. d5 exd5 47. Rxd5+ Ke6 48.
Rd2 Kxe5 49. Bf4+ Ke6 50. Rd3 Rc4 51. Re3 Kd7 52. Nf6+ Bxf6 53. gxf6 Nd4+ 54. Kg2 Nf5 55. Rd3+ Ke6 56. Bxc7 Rxc5 57. Bf4 Rc2+ 58. Kf3 Rxa2 59.
Rc3 Kxf6 60. Rc6+ Ke7 61. Rc7+ Ke6 62. Rc6+ Kd5 63. Rf6 Nd4+ 64. Kg4 Rg2+ 65. Kh3 Rf2 66. Kg3 Rf1 67. Kg2 Ra1 68. Rxf7 Nf5 69. Rf6 Ke4 70.
Bg5 Ra2+ 71. Kg1 Nd4 72. Rxg6 Kf5 73. Rg8 Nf3+ 74. Kf1 Nxg5 75. Ke1 Ke4 76. Rxg5 Kd3 77. Rg3+ Ke4 78. Kd1 a5 79. Kc1 Kd4 80. Kb1 Rf2 81. Rg5 1/2-1/2

[Event "*** Qualifier 2: Titled Tuesday 3|2 Blitz"]
[Site "Chess.com"]
[Date "2017.04.11"]
[Round "8"]
[White "Rodalquilar"]
[Black "afgano29"]
[Result "0-1"]
[WhiteElo "2507"]
[BlackElo "2395"]
[TimeControl "180+2"]
[EndTime "14:57:28 PDT"]
[Termination "afgano29 won on time"]

1. d4 Nf6 2. Bf4 g6 3. e3 Bg7 4. Nf3 O-O 5. Be2 d6 6. O-O b6 7. h3 Bb7 8. Bh2 Nbd7 9. a4 a6 10. Nbd2 c5 11. c3 cxd4 12. exd4 Bh6 13. Bd3 Nh5 14. Re1 Nf4 15. Bxf4 Bxf4 16. Qe2 e6 17.
Be4 d5 18. Bd3 Qf6 19. Nf1 Rfc8 20. Ne3 h5 21. Nc2 Bd6 22. Ne5 Rc7 23. Qe3 Kg7 24.
f4 Qe7 25. Qg3 Nf8 26. Ne3 Rb8 27. Nf3 Qf6 28. Ne5 Bc8 29. Rf1 b5 30. axb5 axb5 31.
f5 exf5 32. Bxf5 Bxf5 33. Nxf5+ Kh7 34. Nxd6 Qxd6 35. Qg5 Kg7 36. Qf4 b4 37. Nxg6 Qxf4 38. Nxf4 bxc3 39. bxc3 Rxc3 40. Nxd5 Rcb3 41. Nf4 h4 42.
Nh5+ Kg6 43. Nf4+ Kg7 44. d5 Rc8 45. Ra7 Rb6 46. Nh5+ Kg6 47. Raxf7 Kxh5 48. Rxf8 Rc2 49. Rg8 Rd6 50. Rf5+ Kh6 51. Rg4 Rd2 52. Rxh4+ Kg6 53. Rhh5 Re2 54. Rhg5+ Kh6 55. Re5 Rd2 56. Kh2 Rf6 57.
h4 Rff2 58. Re6+ Kh7 59. d6 Rd4 60. Kh3 Rd3+ 61. g3 Rf1 62. Re7+ Kh6 63. Re6+ Kh7 64. h5 Rh1+ 65. Kg2 Rhd1 66. Rgg6 R3d2+ 67. Kf3 Rd3+ 68. Kf4 Rd4+ 69. Re4 Rd5 70. Re7+ Kh8 71. g4 Rf1+ 72. Ke4 Rdd1 73. d7 Rfe1+ 74. Kf5 Rxe7 75. Rh6+ Kg7 76. Rg6+ Kf8 77. Rf6+ Rf7 78. g5 Rxd7 79. Rxf7+ Kxf7 80. h6 Rd5+ 81. Kg4 Kg6 82. h7 Rd4+ 83. Kf3 Kxh7 84.
Ke3 Ra4 85. Kf3 Kg6 0-1

[Event "*** Qualifier 2: Titled Tuesday 3|2 Blitz"]
[Site "Chess.com"]
[Date "2017.04.11"]
[Round "8"]
[White "Alexander_Donchenko"]
[Black "Bugcrusher"]
[Result "1/2-1/2"]
[WhiteElo "2563"]
[BlackElo "2418"]
[TimeControl "180+2"]
[EndTime "14:57:54 PDT"]
[Termination "Game drawn by 50-move rule"]

1. d4 Nf6 2. c4 g6 3. g3 Bg7 4.
Bg2 O-O 5. Nc3 d6 6. Nf3 Nc6 7. O-O a6 8. Bf4 Rb8 9. Rc1 Bd7 10. Qd2 Re8 11. Bh6 Bh8 12. e4 e5 13. d5 Nd4 14.
Be3 Ng4 15. Nxd4 Nxe3 16. fxe3 exd4 17. exd4 c5 18. dxc6 bxc6 19. Kh1 Qb6 20. Qf4 Rf8 21. c5 Qxb2 22. cxd6 Bxd4 23. Rb1 Qxc3 24. Rxb8 Rxb8 25. Qxf7+ Kh8 26. Qxd7 Bf6 27. Qe6 Bg7 28. d7 Qe5 29. Qxc6 Rd8 30. Rd1 Bf6 31. Qxa6 Kg7 32. a4 h5 33. Rd5 Qa1+ 34. Qf1 Qxa4 35. e5 Be7 36. e6 Rf8 37. Qd1 Qb4 38. Qd4+ Qxd4 39. Rxd4 Bd8 40. Bd5 Kf6 41. Rf4+ Ke7 42. Ra4 g5 43. Kg2 Bb6 44. Rb4 Rf2+ 45. Kg1 Rb2+ 46. Rxb6 Rxb6 47.
h3 Rd6 48. Bc4 Rd2 49. h4 gxh4 50. gxh4 Rd4 51. Be2 Kxe6 52. Bxh5 Kxd7 53. Kf2 Rxh4 54. Bg6 Ke6 55. Ke3 Ke5 56. Kd2 Kd4 57. Kc2 Rg4 58.
Bf5 Rf4 59. Bg6 Rf6 60. Bh7 Kc4 61. Kb2 Ra6 62. Bg8+ Kb4 63. Bf7 Ra7 64. Be6 Rg7 65. Bd5 Rg6 66. Bf7 Rh6 67. Bd5 Rh2+ 68. Ka1 Ka3 69. Be4 Rb2 70. Bf5 Rb6 71. Bb1 Rd6 72.
Bc2 Rd2 73. Bf5 Rf2 74. Be4 Re2 75. Bf5 Kb3 76. Bg6 Re7 77. Bf5 Re3 78. Bg6 Re7 79.
Bf5 Ra7+ 80. Kb1 Rg7 81. Ka1 Kc3 82. Be6 Rg6 83. Bf7 Rf6 84. Bd5 Kc2 85. Be4+ Kc1 86. Ka2 Ra6+ 87. Kb3 Kd2 88. Kc4 Ra4+ 89. Kd5 Ke3 90. Bc2 Ra5+ 91. Kc4 Kd2 92. Be4 Ra3 93. Bg6 Ke3 94. Bf5 Ra7 95. Bg6 Rc7+ 96. Kd5 Rg7 97. Bf5 Rg5 98. Ke5 Rh5 99. Kf6 Kf4 100. Bd3 Rc5 101.
Bb1 Rc6+ 102. Kg7 Kg5 103. Be4 Rc7+ 104. Kh8 Kf6 105. Bd3 Rd7 106. Bc2 Ra7 107. Bd3 Ra3 108. Bc2 Kf7 109. Be4 Ra4 110. Bd3 Rh4+ 111. Bh7 Rg4 112. Bc2 Rg8+ 113. Kh7 Rg2 114. Bb3+ Kf6 1/2-1/2

[Event "*** Qualifier 2: Titled Tuesday 3|2 Blitz"]
[Site "Chess.com"]
[Date "2017.04.11"]
[Round "8"]
[White "Bigfish1995"]
[Black "JaimeSantosLatasa"]
[Result "1-0"]
[WhiteElo "2650"]
[BlackElo "2536"]
[TimeControl "180+2"]
[EndTime "14:58:25 PDT"]
[Termination "Bigfish1995 won by resignation"]

1. a4 e5 2. h4 d5 3. d3 Bc5 4. e3 Nf6 5. c3 d4 6. cxd4 exd4 7. e4 O-O 8. Be2 Nc6 9. Nf3 Be6 10.
Ng5 Bd7 11. O-O h6 12. Nf3 Ng4 13. Bf4 Be6 14. Nbd2 Bd6 15. Bxd6 Qxd6 16. Rc1 Qb4 17. Qc2 Rac8 18. g3 Nce5 19. Nxe5 Nxe5 20. f4 Bg4 21.
Qd1 Bxe2 22. Qxe2 Nd7 23. Nf3 Nb6 24. a5 Qxa5 25. Nxd4 Rcd8 26. Nf5 c6 27. Qg4 g6 28. h5 Kh7 29. hxg6+ fxg6 30. Ne7 Qh5 31. Qxh5 gxh5 32. Rc3 Na4 33. Ra3 Nxb2 34. Rb1 Rf7 35. Nxc6 Rxd3 36. Rxa7 Rxg3+ 37. Kf2 Rh3 38. Ne5 Rxf4+ 39. Kg2 Rb3 40.
Rc1 Kg7 41. Rc6 Rxe4 42. Rg6+ Kh7 43. Re6 Ra4 44. Re7+ Kg8 45. Raxb7 Rxb7 46. Rxb7 Nc4 47. Nd7 Ne3+ 48. Kf3 Ng4 49. Nc5 Rc4 50. Ne6 Rc6 51.
Nf4 Rf6 52. Kg3 Rf5 53. Ng6 Rg5 54. Nf4 Ne5+ 55. Kh3 Ng6 56. Ne6 Rg4 57. Rb5 Re4 58.
Nc5 Re3+ 59. Kh2 h4 60. Nb3 Nf4 61. Nd4 Rd3 62. Nf5 Rd2+ 63. Kh1 h3 64. Nxh6+ Kh7 65. Ng4 Rg2 66. Rg5 Kh8 67. Ne5 Re2 68. Rf5 Kg7 69.
Nf3 Nd3 70. Ng1 Re1 71. Kh2 Kg6 72. Rf8 Ne5 73. Nxh3 Ng4+ 74. Kg3 Nf6 75. Nf4+ Kg7 76. Ra8 Re3+ 77. Kh4 Rb3 78. Ra7+ Kh6 79. Rf7 Nh7 80. Nd5 Rd3 81. Ne7 Rh3+ 82. Kg4 Rh1 83. Kg3 Ng5 84. Rf4 Re1 85. Nd5 Kg6 86. Rf6+ Kg7 87. Ra6 Ne4+ 88. Kf4 Nd2 89. Kf5 Rf1+ 90. Nf4 Nc4 91. Ra7+ Kf8 92.
Kg5 Ne3 93. Ng6+ Kg8 94. Ne5 Rf5+ 95. Kg6 Rxe5 96. Ra8+ 1-0

[Event "*** Qualifier 2: Titled Tuesday 3|2 Blitz"]
[Site "Chess.com"]
[Date "2017.04.11"]
[Round "8"]
[White "Witik"]
[Black "TomsKantans"]
[Result "0-1"]
[WhiteElo "2517"]
[BlackElo "2498"]
[TimeControl "180+2"]
[EndTime "15:00:06 PDT"]
[Termination "TomsKantans won on time"]

1. e4 c5 2. Nf3 Nf6 3. Nc3 Nc6 4. d4 d5 5. e5 cxd4 6. Nb5 Ng4 7. Bf4 g5 8. Bg3 Bg7 9. e6 Bxe6 10. Nc7+ Kd7 11.
Nxa8 Qa5+ 12. Qd2 Qxd2+ 13. Kxd2 Rxa8 14. h4 gxh4 15. Rxh4 h6 16. Bb5 a6 17. Be2 f5 18.
Re1 Bf7 19. Nh2 Nf6 20. f3 e5 21. Nf1 Bg6 22. Bf2 Re8 23. c3 dxc3+ 24. bxc3 e4 25.
f4 Rc8 26. Ne3 d4 27. cxd4 Nxd4 28. Rd1 Nxe2 29. Kxe2+ Ke6 30. Rd4 Bh5+ 31. Kd2 Be8 32. Rh1 b5 33. Rd1 Nh5 34. Rd5 Bc3+ 35. Kc2 Be1+ 36.
Kb1 Bxf2 37. Re5+ Kf7 38. Nxf5 Ra8 39. Rd6 Nf6 40. Nxh6+ Kg7 41. Nf5+ Kg6 42. Ne7+ Kf7 43. g4 Nxg4 44. Rxe4 Nf6 45. Ree6 Bh4 46. f5 Bd7 47. Nd5 Bxe6 48. fxe6+ Kg6 49. e7 Re8 50. Rxa6 Kf7 51. Nxf6 Bxf6 52. Rb6 Rxe7 53. Rxb5 Re1+ 54. Kc2 Ke6 55.
a4 Bd4 56. Kb3 Kd7 57. Kc4 Bf2 58. Rf5 Bg1 59. Kb5 Rb1+ 60. Ka6 Rb6+ 61. Ka5 Rg6 62. Kb5 Kc7 63. a5 Rg7 64. a6 Ba7 65. Rh5 Kd6 66.
Rh6+ Kd5 67. Rh5+ Kd6 68. Rh6+ Kd7 69. Rh5 Re7 70. Rd5+ Kc7 71. Rh5 Be3 72. Rf5 Kb8 73.
Rf6 Ka7 74. Rc6 Re5+ 75. Kc4 Bb6 76. Rf6 Kxa6 77. Kd3 Kb5 78. Rf3 Kc6 79. Kc4 Re4+ 80. Kd3 Rd4+ 81. Kc3 Rh4 82. Kd3 Bc7 83. Rf5 Bd6 84. Ke3 Bc5+ 85. Kd3 Rd4+ 86. Kc3 Kb5 87. Rh5 Ra4 88. Kd3 Ra3+ 89. Ke4 Kc4 90. Rh4 Re3+ 91. Kf5+ Kd5 92. Rh7 Rf3+ 93. Kg4 Rf8 94. Rh5+ Kd4 95. Rh1 Ke4 96. Kg5 Be3+ 97. Kg6 Rf2 98. Rh7 Bc5 99. Rf7 Rg2+ 100. Kf6 Bd4+ 101. Ke6 Rg6+ 102. Kd7 Kd5 103. Rh7 Ra6 104. Rh5+ Be5 0-1

[Event "*** Qualifier 2: Titled Tuesday 3|2 Blitz"]
[Site "Chess.com"]
[Date "2017.04.11"]
[Round "8"]
[White "MyleneFarmer"]
[Black "rasmussvane"]
[Result "1-0"]
[WhiteElo "2331"]
[BlackElo "2493"]
[TimeControl "180+2"]
[EndTime "15:00:20 PDT"]
[Termination "MyleneFarmer won on time"]

1. f3 e5 2. Nh3 d5 3. Nf2 Nc6 4. e3 Nf6 5. g3 h5 6. d3 Bd6 7.
c3 Be6 8. b3 Qd7 9. Bb2 O-O-O 10. Nd2 h4 11. a3 hxg3 12. hxg3 Rxh1 13. Nxh1 Rh8 14. Bg2 Bh3 15. Qe2 Bxg2 16. Qxg2 Qf5 17. Nf2 Bc5 18. Nf1 Qg5 19. d4 exd4 20. cxd4 Bd6 21.
O-O-O Na5 22. Kc2 Qf5+ 23. Nd3 Qd7 24. Bc3 Nc6 25. b4 Ne7 26. Kb2 Kb8 27. Ne5 Qe8 28.
g4 Nc8 29. Nd2 Nb6 30. f4 Ne4 31. Nxe4 dxe4 32. Qf1 Qe6 33. d5 Nxd5 34. f5 Rh2+ 35. Kc1 Qe8 36. Rxd5 Qa4 37. Rd2 Rxd2 38. Kxd2 f6 39.
Nc4 Qb3 40. Nxd6 cxd6 41. Qb5 Qa2+ 42. Ke1 Qxa3 43. Qe8+ Kc7 44. Qe7+ Kc6 45. Qxe4+ Kc7 46. Qe7+ Kc6 47. Qe8+ Kc7 48. Bd2 Qa1+ 49. Ke2 Qa6+ 50. Kf2 Qa2 51. Qe7+ Kc6 52. Qe4+ d5 53. Qe6+ Kb5 54.
Ke1 Kc4 55. e4 Qb1+ 56. Ke2 Qd3+ 57. Ke1 Qg3+ 58. Kd1 Qb3+ 59. Kc1 Qa3+ 60. Kd1 Qf3+ 61. Ke1 Qg3+ 62. Kf1 Qf3+ 63. Ke1 Qg3+ 64. Kd1 Qb3+ 65.
Ke2 Qd3+ 66. Ke1 Qg3+ 67. Kf1 Qh3+ 68. Kf2 Qh2+ 69. Ke1 Qg1+ 70. Ke2 Qxg4+ 71. Ke3 Qg3+ 72. Ke2 Qd3+ 73. Kd1 Qf3+ 74. Kc2 Qb3+ 75. Kc1 Qa3+ 76. Kb1 Qd3+ 77. Kc1 Qxe4 78. Qc8+ Kd3 79. Qc2+ Ke2 80. Qd1+ Kf2 81. Qa4 Qc4+ 82. Kd1 Qf1+ 83. Kc2 Qc4+ 84.
Kd1 Qg4+ 85. Kc1 Qxf5 86. Qxa7+ Ke2 87. Qe3+ Kf1 88. Qe1+ Kg2 89. Qe2+ Kh3 90. Qe3+ Kg4 91. Qg1+ Kf3 92. Qxg7 d4 93. Qxb7+ Kf2 94. Qb6 Qe5 95.
Bc3 Qe3+ 96. Bd2 Qa3+ 97. Kc2 Qa2+ 98. Kd3 Qb1+ 99. Kxd4 Ke2 100. Bh6 f5 101. Qe6+ Kd1 102. Qc4 Qe4+ 103. Kc5 Qe7+ 104. Kb5 Qb7+ 105. Ka4 Qa8+ 106. Kb3 Qf3+ 107. Qc3 Qd5+ 108. Kb2 Qg2+ 109. Kb1 Qe4+ 110. Kb2 Qg2+ 111. Ka1 Qa8+ 112. Kb1 Qe4+ 113. Kb2 Qg2+ 114. Kb3 Qd5+ 115. Ka4 Qa8+ 116. Kb5 Qb7+ 117. Kc4 Qc6+ 118. Kd4 Qf6+ 119. Kd3 Qd6+ 120. Qd4 Qg3+ 121. Be3 1-0

[Event "*** Qualifier 2: Titled Tuesday 3|2 Blitz"]
[Site "Chess.com"]
[Date "2017.04.11"]
[Round "9"]
[White "LawrenceTrent"]
[Black "tigra"]
[Result "0-1"]
[WhiteElo "2428"]
[BlackElo "2605"]
[TimeControl "180+2"]
[EndTime "15:02:58 PDT"]
[Termination "tigra won by resignation"]

1. e4 c5 2. Nc3 Nc6 3. f4 g6 4.
Nf3 Bg7 5. Bb5 Nd4 6. O-O Nxb5 7. Nxb5 d6 8. d3 Nh6 9. Qe1 O-O 10. f5 gxf5 11. Qh4 fxe4 12. Bxh6 Bxh6 13. Qxh6 exf3 14. Rxf3 Kh8 15. Raf1 Be6 16. Nc3 Rg8 17. Rxf7 Bxf7 18. Rxf7 Rxg2+ 0-1

[Event "*** Qualifier 2: Titled Tuesday 3|2 Blitz"]
[Site "Chess.com"]
[Date "2017.04.11"]
[Round "9"]
[White "woodhy"]
[Black "Saitama_Hero"]
[Result "1-0"]
[WhiteElo "2190"]
[BlackElo "2171"]
[TimeControl "180+2"]
[EndTime "15:03:33 PDT"]
[Termination "woodhy won by resignation"]

1. e4 d6 2. d4 g6 3. Nf3 Bg7 4.
Be3 Nf6 5. Nc3 c6 6. Bd3 O-O 7. O-O Nbd7 8. Ne2 e5 9. c3 d5 10. Ng3 dxe4 11. Nxe4 Nxe4 12. Bxe4 f5 13. Bd3 e4 14.
Bc4+ Kh8 15. Ng5 f4 16. Ne6 Qh4 17. Nxf8 Bxf8 18. g3 fxg3 19. fxg3 1-0

[Event "*** Qualifier 2: Titled Tuesday 3|2 Blitz"]
[Site "Chess.com"]
[Date "2017.04.11"]
[Round "9"]
[White "saraswathii"]
[Black "macko06"]
[Result "0-1"]
[WhiteElo "2233"]
[BlackElo "2376"]
[TimeControl "180+2"]
[EndTime "15:04:27 PDT"]
[Termination "macko06 won by resignation"]

1. e4 e6 2. d3 d5 3. Nd2 c5 4.
Ngf3 Nc6 5. g3 Bd6 6. Bg2 Nge7 7. O-O O-O 8. Qe2 f6 9. c3 d4 10. cxd4 cxd4 11. Nc4 e5 12. Nxd6 Qxd6 13. Nh4 g5 14.
Nf3 Bg4 15. h3 Bh5 16. h4 gxh4 17. gxh4 Kh8 18. Kh1 Ng6 19. Qc2 Qd7 20. Kh2 Qg4 21.
Ng1 Nf4 22. Bxf4 Qxf4+ 23. Kh1 Qxh4+ 24. Bh3 Rg8 25. f3 Rxg1+ 26. Kxg1 Qxh3 27. Qh2 Rg8+ 28. Kh1 Bxf3+ 0-1

[Event "*** Qualifier 2: Titled Tuesday 3|2 Blitz"]
[Site "Chess.com"]
[Date "2017.04.11"]
[Round "9"]
[White "luisgui16"]
[Black "Rodalquilar"]
[Result "0-1"]
[WhiteElo "2124"]
[BlackElo "2509"]
[TimeControl "180+2"]
[EndTime "15:05:17 PDT"]
[Termination "Rodalquilar won by resignation"]

1. e4 e5 2. Nf3 Nc6 3. Bb5 a6 4.
Bxc6 dxc6 5. O-O Bg4 6. h3 h6 7. d3 Bxf3 8. Qxf3 Nf6 9. Nd2 Bd6 10. Nc4 Qe7 11. Ne3 g6 12. Ng4 Nxg4 13. Qxg4 h5 14. Qg3 O-O-O 15. f4 Rde8 16. f5 Rhg8 17. fxg6 Rxg6 18. Qf3 Reg8 19. Rf2 Qh4 20. Be3 Rg3 21. Qf5+ Kb8 22. Qxf7 Qxh3 23. Kf1 Qh1+ 24. Ke2 Qxa1 25. Rf3 Rxg2+ 26. Rf2 Rxf2+ 27. Kxf2 Rf8 0-1

[Event "*** Qualifier 2: Titled Tuesday 3|2 Blitz"]
[Site "Chess.com"]
[Date "2017.04.11"]
[Round "9"]
[White "stepanosinovsky"]
[Black "talaicito"]
[Result "1-0"]
[WhiteElo "2225"]
[BlackElo "2005"]
[TimeControl "180+2"]
[EndTime "15:05:41 PDT"]
[Termination "stepanosinovsky won by checkmate"]

1. e4 e6 2. d4 d5 3. Nc3 Bb4 4.
e5 Ne7 5. a3 Bxc3+ 6. bxc3 c5 7. Bd3 Nbc6 8. Qg4 O-O 9. Qh5 Ng6 10. Nf3 c4 11. Ng5 h6 12. Nxf7 Rxf7 13. Bxg6 Rf8 14. h4 Ne7 15. Bxh6 gxh6 16. Qxh6 Nxg6 17. Qxg6+ Kh8 18.
Rh3 Rf5 19. Qh6+ Kg8 20. Rg3+ Kf7 21. Rg7+ Ke8 22. Qh8+ Rf8 23. Qh5+ Rf7 24. Qxf7# 1-0

[Event "*** Qualifier 2: Titled Tuesday 3|2 Blitz"]
[Site "Chess.com"]
[Date "2017.04.11"]
[Round "9"]
[White "brauliocuarta"]
[Black "Th3ChessViking"]
[Result "1-0"]
[WhiteElo "2074"]
[BlackElo "2276"]
[TimeControl "180+2"]
[EndTime "15:06:11 PDT"]
[Termination "brauliocuarta won by resignation"]

1. d4 Nf6 2. c4 c5 3. d5 e5 4.
Nc3 d6 5. e4 Nbd7 6. g3 Be7 7.
Bg2 a6 8. Nge2 O-O 9. O-O Rb8 10.
a4 Ne8 11. f4 exf4 12. gxf4 Bf6 13. Be3 g6 14. Qd2 Bg7 15. Rab1 Ndf6 16. h3 Nh5 17. b4 cxb4 18. Rxb4 Qh4 19. f5 Ng3 20. Bg5 Nxe2+ 21. Nxe2 Qh5 22. Ng3 Bc3 23. Qc1 Bd4+ 24.
Kh1 1-0

[Event "*** Qualifier 2: Titled Tuesday 3|2 Blitz"]
[Site "Chess.com"]
[Date "2017.04.11"]
[Round "9"]
[White "OparinGrigoriy"]
[Black "TenisMaster"]
[Result "0-1"]
[WhiteElo "2647"]
[BlackElo "2659"]
[TimeControl "180+2"]
[EndTime "15:06:18 PDT"]
[Termination "TenisMaster won by resignation"]

1. e4 e5 2. Nf3 Nc6 3. Bc4 Bc5 4.
c3 Nf6 5. d3 d6 6. a4 a6 7. Bg5 h6 8. Bh4 Be6 9. Nbd2 Ba7 10.
Bxe6 fxe6 11. Qb3 Qc8 12. a5 O-O 13. O-O Nh5 14. Kh1 Kh8 15. Qc4 Qd7 16. b4 Ne7 17. Qb3 Ng6 18. Bg3 Nhf4 19. Qc2 Rf7 20. d4 exd4 21.
cxd4 Raf8 22. Nb3 Qb5 23. Qd2 Nxg2 24. Ng5 hxg5 25. Kxg2 Rf3 26. Nc1 Nh4+ 27. Bxh4 gxh4 28. Ne2 Qh5 29. Rac1 Qg4+ 30. Kh1 Rxf2 0-1

[Event "*** Qualifier 2: Titled Tuesday 3|2 Blitz"]
[Site "Chess.com"]
[Date "2017.04.11"]
[Round "9"]
[White "Grebeniuk-S"]
[Black "Alex_Molchanov"]
[Result "1-0"]
[WhiteElo "2407"]
[BlackElo "2411"]
[TimeControl "180+2"]
[EndTime "15:06:21 PDT"]
[Termination "Grebeniuk-S won by resignation"]

1. d4 Nf6 2. Nf3 e6 3. e3 c5 4. Bd3 Be7 5. O-O O-O 6. Nbd2 b6 7.
b3 cxd4 8. exd4 Bb7 9. Bb2 d6 10. Re1 Nbd7 11. Qe2 Rc8 12. c4 Rc7 13. Ng5 h6 14.
Nxe6 fxe6 15. Qxe6+ Kh8 16. Qxe7 Qa8 17. d5 Ne5 18.
Qxc7 Rf7 19. Qxd6 Nxd3 20. Bxf6 Nxe1 21. Bxg7+ Rxg7 22. Rxe1 Qg8 23. Qxh6+ Rh7 24. Qf6+ Rg7 25. Re4 Qf7 26. Rh4+ Kg8 27. Qd8+ Qf8 28. Rh8+ 1-0

[Event "*** Qualifier 2: Titled Tuesday 3|2 Blitz"]
[Site "Chess.com"]
[Date "2017.04.11"]
[Round "9"]
[White "prochn"]
[Black "Robin-Side"]
[Result "1-0"]
[WhiteElo "2181"]
[BlackElo "2356"]
[TimeControl "180+2"]
[EndTime "15:06:23 PDT"]
[Termination "prochn won by resignation"]

1. d4 Nf6 2. c4 g6 3. g3 Bg7 4. Bg2 d5 5. cxd5 Nxd5 6. Nf3 O-O 7.
O-O Nb6 8. Nc3 Nc6 9. d5 Nb4 10. e4 c6 11. a3 Na6 12. Be3 cxd5 13. exd5 Bxc3 14. Bxb6 Qxb6 15. bxc3 Qc5 16. Qd2 Bd7 17.
Rac1 Kg7 18. Rfe1 Rfe8 19. Re4 Rac8 20. Rh4 h5 21. Rxh5 gxh5 22. Qg5+ Kh7 23. Qxh5+ Kg7 24. Qg5+ Kh7 25. Ne5 1-0

[Event "*** Qualifier 2: Titled Tuesday 3|2 Blitz"]
[Site "Chess.com"]
[Date "2017.04.11"]
[Round "9"]
[White "FearNoEvil12"]
[Black "Wolverine_master"]
[Result "1-0"]
[WhiteElo "2087"]
[BlackElo "1962"]
[TimeControl "180+2"]
[EndTime "15:06:26 PDT"]
[Termination "FearNoEvil12 won by checkmate"]

1. e4 d5 2. d4 dxe4 3. Nc3 Nf6 4.
Bg5 e6 5. f3 exf3 6. Nxf3 Be7 7. Bd3 c5 8. dxc5 Nc6 9. O-O Qa5 10. Kh1 Qxc5 11. Bxf6 Bxf6 12. Ne4 Qe7 13. Bb5 O-O 14. c3 a6 15. Bd3 Bd7 16. Qe2 h6 17. Rae1 Rad8 18. Nxf6+ Qxf6 19. Nd4 Qh4 20. Nf3 Qe7 21. Bb1 g6 22. h3 Kg7 23. Ne5 Nxe5 24. Qxe5+ Kh7 25.
Rf6 Bc6 26. Ref1 Rd2 27. Bxg6+ fxg6 28. Rxf8 Bxg2+ 29. Kg1 Bxf1 30. Qh8# 1-0

[Event "*** Qualifier 2: Titled Tuesday 3|2 Blitz"]
[Site "Chess.com"]
[Date "2017.04.11"]
[Round "9"]
[White "andreimacovei2000"]
[Black "FancyPlaySyndrome"]
[Result "0-1"]
[WhiteElo "2390"]
[BlackElo "2398"]
[TimeControl "180+2"]
[EndTime "15:06:36 PDT"]
[Termination "FancyPlaySyndrome won by resignation"]

1. e4 c5 2. Nf3 d6 3. Bb5+ Bd7 4.
Bxd7+ Qxd7 5. c4 Nc6 6. Nc3 Nf6 7. O-O g6 8. d4 cxd4 9. Nxd4 Bg7 10. h3 O-O 11.
Be3 Rfc8 12. b3 Qd8 13. Rc1 Nd7 14. Nd5 a5 15. Re1 a4 16. b4 e6 17. Nc3 Nxb4 18.
Ndb5 Rxc4 19. Qxd6 Nc5 20. Bxc5 Nd3 21. Qxd8+ Rxd8 22. Bb6 Rdc8 23. Nd6 Rxc3 24. Nxc8 Rxc1 25. Rxc1 Nxc1 26.
a3 Bf8 27. e5 Nd3 28. Nd6 Nxe5 29. Nxb7 Bxa3 30. Nc5 Nc4 31. Nxa4 Nxb6 32. Nxb6 Kf8 33.
Nc4 Bc5 34. Kf1 Ke8 35. Ke2 f6 36. Nd2 Kd7 37. Ne4 Be7 38. Nd2 Kd6 39. Kd3 Kd5 40. Nf3 e5 41. g4 e4+ 0-1

[Event "*** Qualifier 2: Titled Tuesday 3|2 Blitz"]
[Site "Chess.com"]
[Date "2017.04.11"]
[Round "9"]
[White "VMikhalevski"]
[Black "jefferyx"]
[Result "1-0"]
[WhiteElo "2557"]
[BlackElo "2595"]
[TimeControl "180+2"]
[EndTime "15:06:38 PDT"]
[Termination "VMikhalevski won by resignation"]

1. Nf3 c5 2. g3 g6 3. Bg2 Bg7 4.
c4 Nf6 5. Nc3 O-O 6. d4 cxd4 7.
Nxd4 Qc7 8. b3 d5 9. Ndb5 Qa5 10. Bd2 dxc4 11. bxc4 Qd8 12. Rb1 a6 13. Na3 Nc6 14. O-O Qd6 15. Qc1 Rb8 16. Nd5 Bf5 17. Rb3 Ne4 18. Bf4 e5 19. Be3 Nd4 20. Bxd4 exd4 21. g4 Bxg4 22. Bxe4 Bxe2 23. Re1 Bg4 24. c5 Qd8 25.
Rb6 Be6 26. Rd6 Qh4 27. Nc4 Rbc8 28. Ncb6 Bh6 29. Qa3 Rce8 30. Qg3 Qxg3+ 31. hxg3 Bxd5 32. Nxd5 f5 33. Nf6+ Kh8 34. Nxe8 Rxe8 35. Rxd4 1-0

[Event "*** Qualifier 2: Titled Tuesday 3|2 Blitz"]
[Site "Chess.com"]
[Date "2017.04.11"]
[Round "9"]
[White "rasmussvane"]
[Black "aRk_iN"]
[Result "1-0"]
[WhiteElo "2496"]
[BlackElo "2147"]
[TimeControl "180+2"]
[EndTime "15:07:04 PDT"]
[Termination "rasmussvane won on time"]

1. d4 Nf6 2. c4 g6 3. Nc3 Bg7 4. e4 d6 5. Nf3 O-O 6. Be2 Nc6 7. O-O e5 8. dxe5 Nxe5 9. Nd4 Re8 10. f3 Bd7 11. Bg5 h6 12. Bh4 g5 13.
Bf2 Ng6 14. Re1 c6 15. Qd2 Qe7 16. Bf1 Rad8 17. Rad1 Be6 18. Nf5 Bxf5 19. exf5 Ne5 20. Bxa7 Qd7 21. Qc2 Ra8 22. Bd4 Qc7 23. b3 Nfd7 24.
Bf2 Nc5 25. a4 Qa5 26. Ne4 Nxe4 27. Rxe4 Rad8 28. Qe2 d5 29. cxd5 cxd5 30. Re3 d4 31. Re4 d3 32. Qd2 Qc7 33. Bg3 Qd7 34. Bxe5 Bxe5 35. Qxd3 Qxf5 36. Qxd8 Rxd8 37. Rxd8+ Kg7 38. Bc4 Bf6 39. Rd5 Qc8 40. h4 1-0

[Event "*** Qualifier 2: Titled Tuesday 3|2 Blitz"]
[Site "Chess.com"]
[Date "2017.04.11"]
[Round "9"]
[White "Aragon"]
[Black "PowerThinking2650"]
[Result "0-1"]
[WhiteElo "2095"]
[BlackElo "2200"]
[TimeControl "180+2"]
[EndTime "15:07:10 PDT"]
[Termination "PowerThinking2650 won by checkmate"]

1. e4 e5 2. f4 Bc5 3. Nf3 d6 4.
c3 Nf6 5. d4 exd4 6. cxd4 Bb6 7. Nc3 O-O 8. e5 dxe5 9. fxe5 Nd5 10. Bc4 Be6 11. Qb3 c6 12. Nxd5 cxd5 13. Bd3 Nc6 14. Be3 f6 15. exf6 Qxf6 16. O-O-O Rac8 17. Kb1 Na5 18. Qa4 Nc4 19. Bg5 Qf7 20. h4 Bf5 21.
Qb3 Rfe8 22. Rhf1 Qg6 23. g4 Bxd3+ 24. Qxd3 Qxd3+ 25. Rxd3 Re2 26. Bc1 Rf8 27. b3 Nd6 28. Nd2 Rxf1 29. Nxf1 Ne4 30. Rf3 Bxd4 31. Rd3 Nc3+ 32.
Ka1 Rxa2# 0-1

[Event "*** Qualifier 2: Titled Tuesday 3|2 Blitz"]
[Site "Chess.com"]
[Date "2017.04.11"]
[Round "9"]
[White "Witik"]
[Black "Bigfish1995"]
[Result "1-0"]
[WhiteElo "2528"]
[BlackElo "2639"]
[TimeControl "180+2"]
[EndTime "15:07:17 PDT"]
[Termination "Witik won by resignation"]

1. e4 a5 2. d4 h5 3. Nc3 e6 4. f4 d5 5. Nf3 c6 6. Bd3 b5 7. O-O b4 8. Ne2 dxe4 9. Bxe4 Nf6 10. Bd3 Ba6 11. f5 exf5 12. Nf4 g6 13. Re1+ Be7 14. Bxa6 Rxa6 15. Ne5 c5 16. Nexg6 fxg6 17. Nxg6 Rh7 18. c3 bxc3 19. bxc3 Ne4 20. Nf4 Nxc3 21.
Qb3 Rg7 22. Qxc3 Qxd4+ 23. Qxd4 cxd4 24. Bb2 Nc6 25. Ne6 Rg4 26. Nc7+ Kf7 27. Nxa6 d3 28. Rad1 Ra4 29. a3 Bxa3 30. Ra1 Bb4 31. Nxb4 Rxb4 32.
Bc3 Rb5 33. Re3 Rd5 34. Rd1 1-0